 Dungeon Crawl Stone Soup version 0.32-a0-43-g058985b245 (webtiles) character file.

Game seed: 10445281094963793754

497 LobsterGuardian the Trooper (level 7, -10/72 HPs)
             Began as an Oni Cinder Acolyte on Dec 13, 2023.
             Was a High Priest of Ignis.
             Mangled by an ogre
             ... wielding a +0 giant club
              (23 damage)
             ... on level 5 of the Dungeon on Feb 4, 2024.
             The game lasted 00:19:35 (4609 turns).

LobsterGuardian the Trooper (Oni Cinder Acolyte)    Turns: 4609, Time: 00:19:35

Health: -10/72     AC:  8    Str: 21    XL:     7   Next: 15%
Magic:  5/13       EV:  9    Int: 15    God:    Ignis [*****.]
Gold:   282        SH:  0    Dex:  4    Spells: 12/14 levels left

rFire   + . .        a - -1 mace (flame)
rCold   . . .        (no shield)
rNeg    . . .        q - +2 animal skin
rPois   .            (helmet restricted)
rElec   .            (no cloak)
rCorr   .            (gloves unavailable)
SInv    .            (boots unavailable)
Will    .....        (no amulet)
Stlth   +            (no ring)
HPRegen 0.32/turn    (no ring)
MPRegen 0.13/turn

%: no passive effects
@: mighty, corroded, fiery-armoured
A: large, unfitting armour, tough skin 1, double potion healing, drunken
brawling
a: Renounce Religion, Fiery Armour, Foxfire Swarm, Rising Flame


You were on level 5 of the Dungeon.
You worshipped Ignis.
Ignis was extremely pleased with you.
You visited 1 branch of the dungeon, and saw 5 of its levels.

You collected 282 gold pieces.

Inventory:

Hand Weapons
 a - a -1 mace of flaming (weapon)
Armour
 q - a +2 animal skin (worn)
Jewellery
 k - a ring of positive energy
 p - a ring of willpower
Wands
 d - a wand of flame (30)
 g - a wand of mindburst (15)
Scrolls
 f - a scroll of fog
 i - a scroll of torment {unknown}
 n - a scroll of poison {unknown}
 o - a scroll of immolation {unknown}
Potions
 c - a potion of enlightenment {unknown}
 e - a potion of attraction {unknown}
 h - a potion of might
 j - a potion of heal wounds {unknown}
 m - a potion of mutation {unknown}


   Skills:
 + Level 5.0 Fighting
 * Level 4.7 Maces & Flails
 + Level 0.7 Dodging
 + Level 4.2 Spellcasting
 + Level 4.6 Fire Magic


You had 12 spell levels left.
You knew the following spells:

 Your Spells              Type           Power      Damage    Failure   Level
a - Scorch                Fire           34%        2d6       4%          2

Your spell library contained the following spells:

 Spells                   Type           Power      Damage    Failure   Level
 Ensorcelled Hibernation  Hex/Ice        6%         N/A       26%         2
 Static Discharge         Conj/Air       6%         3-4/arc   26%         2
 Passwall                 Erth           3%         N/A       47%         3
 Swiftness                Air            3%         N/A       47%         3
 Airstrike                Air            1%         2d(1-17)  87%         4
 Brom's Barrelling Bould  Conj/Erth      3%         2d3       87%         4
 Summon Lightning Spire   Summ/Air       3%         N/A       87%         4
 Fireball                 Conj/Fire      5%         3d5       88%         5
 Iskenderun's Battlesphe  Conj           3%         2d6       99%         5
 Conjure Ball Lightning   Conj/Air       1%         3x3d6     100%        6
 Orb of Destruction       Conj           1%         9d5       100%        7


Dungeon Overview and Level Annotations

Branches:
Dungeon (5/15)
 Temple: D:4-7

Altars:
Uskayaw


Innate Abilities, Weirdness & Mutations

You are too large for most types of armour.
You have tough skin. (AC +1)
You gain doubled healing and magic from potions.
Whenever you drink a healing potion, you attack all around you.


Message History

You hit the jelly but do no damage. The acid corrodes you!
Your hands burn!
The jelly hits you but does no damage.
The jelly is burned by your cloak of flames.
The jelly is moderately wounded.
You barely miss the jelly.
The jelly is moderately wounded.
The jelly barely misses you. The jelly hits you but does no damage.
The jelly is burned by your cloak of flames.
The jelly is severely wounded.
You hit the jelly. You burn the jelly.
Your hands burn!
The jelly is almost dead.
The jelly barely misses you.
Unknown command.
You sock the jelly! You burn the jelly.
You kill the jelly!
Unknown command.
You sock the gnoll! You burn the gnoll.
You kill the gnoll!
Okay, then.
Casting: Scorch (safe; 4% risk of failure)
Confirm with . or Enter, or press ? or * to list all spells.
You don't know that spell.
Casting: Scorch (safe; 4% risk of failure)
Confirm with . or Enter, or press ? or * to list all spells.
Flames lash the gnoll.
The gnoll is severely wounded.
The gnoll's fire resistance burns away.
The ogre hits you with a +0 giant club!!
* * * LOW HITPOINT WARNING * * *
The ogre is burned by your cloak of flames.
The ogre is lightly wounded.
The gnoll barely misses you.
Unknown command.
It was a potion of might.
You feel very mighty all of a sudden. The gnoll misses you.
You barely miss the ogre.
The ogre is lightly wounded.
The ogre hits you with a +0 giant club!!
You die... ..... .... )..# # ...#. ...## ggg

#g# #O#
#@# #.#
#.#####
#.....#
#####.#
#.#.#
#.#.#
#.#.#
##.#.##


You could see an ogre and 4 gnolls.

Vanquished Creatures
  A black bear (D:5)
  A scorpion (D:5)
  3 bombardier beetles (D:4)
  A jelly (D:5)
  Jessica (D:3)
  An iguana (D:4)
  Ijyb (D:3)
  Robin (D:3)
  2 gnolls (D:5)
  3 adders (D:4)
  2 ribbon worms (D:3)
  2 dart slugs
  2 orcs (D:4)
  6 ball pythons
  7 endoplasms
  A giant cockroach (D:4)
  14 goblins
  9 hobgoblins
  2 jackals (D:4)
  4 quokkas
  3 bats
  A frilled lizard (D:1)
  A kobold (D:2)
  4 rats (D:1)
73 creatures vanquished.

Notes
Turn   | Place    | Note
-------+----------+-------------------------------------------
     0 | D:1      | LobsterGuardian the Ogre Cinder Acolyte began the quest for
                  | the Orb.
     0 | D:1      | Reached XP level 1. HP: 24/24 MP: 2/2
   145 | D:1      | Reached XP level 2. HP: 28/33 MP: 3/3
   708 | D:1      | Learned a level 2 spell: Scorch
  1027 | D:2      | Reached XP level 3. HP: 40/40 MP: 1/4
  1316 | D:2      | Upgraded the game from 0.31-a0-1204-ge2c1a860ed to
                  | 0.31-a0-1278-g11c5b68f87
  1779 | D:2      | Upgraded the game from 0.31-a0-1278-g11c5b68f87 to
                  | 0.32-a0-12-g7fc57aa741
  2285 | D:3      | Noticed Jessica
  2298 | D:3      | Killed Jessica
  2299 | D:3      | Reached XP level 4. HP: 19/49 MP: 1/6
  2470 | D:3      | Noticed Ijyb
  2483 | D:3      | Killed Ijyb
  2552 | D:3      | Found a hide-covered altar of Uskayaw.
  2716 | D:3      | Noticed Robin
  2746 | D:3      | Upgraded the game from 0.32-a0-12-g7fc57aa741 to
                  | 0.32-a0-22-g6ae6769602
  2748 | D:3      | Killed Robin
  2759 | D:3      | Reached XP level 5. HP: 52/55 MP: 0/8
  3639 | D:4      | Reached skill level 5 in Fighting
  3791 | D:4      | Reached XP level 6. HP: 66/66 MP: 5/10
  4312 | D:5      | Entered Level 5 of the Dungeon
  4328 | D:5      | Noticed a black bear
  4333 | D:5      | Killed a black bear
  4588 | D:5      | Upgraded the game from 0.32-a0-22-g6ae6769602 to
                  | 0.32-a0-30-gefbe487952
  4588 | D:5      | Upgraded the game from 0.32-a0-30-gefbe487952 to
                  | 0.32-a0-43-g058985b245
  4602 | D:5      | Reached XP level 7. HP: 40/72 MP: 6/13
  4609 | D:5      | Mangled by an ogre

Illustrated notes

Levels and vault maps discovered:
D:1:      dpeg_arrival_water_temple_mockup, layout_basic
D:2:      layout_loops_corners
D:3:      layout_loops_ring, nicolae_uskayaw_suspiria, uniq_ijyb, uniq_robin,
          uniq_jessica
D:4:      layout_loops_ring
D:5:      layout_loops_ring, grunt_temple_overflow_open,
          minmay_misc_feat_square, minmay_misc_feat_cross, chequers_jeans

Skill      XL: |  1  2  3  4  5  6 |
---------------+-------------------+-----
Maces & Flails | 3 4 |  4.7
Fire Magic     | 3 4 |  4.6
Spellcasting   | 2 4 |  4.2
Fighting       | 5 |  5.0
Dodging        | |  0.7

Action                     |  1- 3 |  4- 6 |  7- 9 || total
---------------------------+-------+-------+-------++-------
  Melee: Mace              |    76 |    36 |     6 ||   118
         Punch             |     1 |       |       ||     1
   Cast: Scorch            |    16 |    44 |     1 ||    61
 Invoke: Fiery Armour      |       |     1 |       ||     1
  Evoke: Wand              |       |     5 |       ||     5
    Use: Scroll            |     3 |     1 |       ||     4
         Potion            |     2 |     1 |     1 ||     4
 Armour: Robe              |    56 |    27 |       ||    83
         Animal skin       |       |    10 |     4 ||    14
  Dodge: Dodged            |    33 |    16 |     4 ||    53

Table legend: (Time is in decaauts)
 A = Elapsed time spent in this place.
 B = Non-inter-level travel time spent in this place.
 C = Inter-level travel time spent in this place.
 D = Time resting spent in this place.
 E = Time spent auto-exploring this place.
 F = Levels seen in this place.
 G = Mean time per level.
                   A        B        C        D        E       F      G
               +--------+--------+--------+--------+--------+-----+--------+
         Total |   4636 |   4422 |    214 |      0 |   3908 |   5 |  927.2 |
       Dungeon |   4636 |   4422 |    214 |      0 |   3908 |   5 |  927.2 |
               +--------+--------+--------+--------+--------+-----+--------+

Top non-repeatable levels by time:
     D:4: 1247 daAuts
     D:3: 1131 daAuts
     D:2: 1069 daAuts
     D:1: 992 daAuts
     D:5: 195 daAuts
